 Dungeon Crawl Stone Soup version 0.29-a0-582-ge82337ba6a (webtiles) character file.

Game seed: 1842385820859860688

63 bande the Covered (level 4, -1/28 HPs)
             Began as a Gargoyle Fighter on June 14, 2022.
             Killed by divine providence
             ... invoked by an orc priest
              (16 damage)
             ... on level 3 of the Dungeon.
             The game lasted 00:04:19 (1786 turns).

bande the Covered (Gargoyle Fighter)                Turns: 1786, Time: 00:04:20

Health: -1/28      AC: 13    Str: 19    XL:     4   Next: 10%
Magic:  4/4        EV:  7    Int:  9    God:
Gold:   72         SH:  8    Dex: 11    Spells: 3/3 levels left

rFire   . . .      SeeInvis .   a - +0 war axe
rCold   . . .      Faith    .   k - +0 kite shield
rNeg    + . .      Spirit   .   b - +0 scale mail
rPois   ∞          Reflect  .   e - +0 helmet
rElec   +          Harm     .   f - scarf {repulsion}
rCorr   .          Rampage  .   (no gloves)
Will    .....                   o - +0 pair of boots
Stlth   ..........              g - amulet of regeneration
HPRegen 0.89/turn               (no ring)
MPRegen 0.09/turn               (no ring)

@: repel missiles
A: sickness immunity, AC +3, negative energy resistance 1, electricity
resistance, torment resistance 1, petrification resistance
a: no special abilities


You were on level 3 of the Dungeon.
You visited 1 branch of the dungeon, and saw 3 of its levels.

You collected 72 gold pieces.

Inventory:

Hand Weapons
 a - a +0 war axe (weapon)
 c - a +0 flail
 l - a +0 war axe
Armour
 b - a +0 scale mail (worn)
 e - a +0 helmet (worn)
 f - a scarf of repulsion (worn)
 k - a +0 kite shield (worn)
 m - a +0 cloak
 o - a +0 pair of boots (worn)
Jewellery
 g - an amulet of regeneration (around neck)
Potions
 d - a potion of might
 h - a potion of berserk rage {unknown}
 i - 3 potions of curing {unknown}
 j - 3 potions of heal wounds
 n - 2 potions of cancellation {unknown}


   Skills:
 + Level 3.4 Fighting
 + Level 2.8 Axes
 + Level 4.0 Armour
 + Level 0.2 Stealth
 + Level 3.7 Shields


You had 3 spell levels left.
You didn't know any spells.
Your spell library was empty.

Dungeon Overview and Level Annotations

Branches:
Dungeon (3/15)

Altars:

Annotations:
D:3 Robin


Innate Abilities, Weirdness & Mutations

You are immune to sickness and miasma.
Your stone body is resilient. (AC +3)
You are immune to poison.
You resist negative energy. (rN+)
You are resistant to electric shocks. (rElec)
You are resistant to unholy torment.
You are immune to petrification.


Message History

Beogh smites you!
Ouch! That really hurt!
* * * LOW HITPOINT WARNING * * *
An orc comes into view. It is wielding a +0 short sword.
You feel much better.
The goblin no longer looks unusually strong.
The goblin hits you with a +0 dagger. The orc hits you but does no damage.
You hit the orc.
You kill the orc!
You closely miss the goblin.
The hobgoblin no longer looks unusually strong.
The goblin closely misses you. You block the goblin's attack.
The hobgoblin hits you but does no damage.
Robin roars a battlecry!
The goblins go into a battle-frenzy!
You hit the hobgoblin.
The hobgoblin is severely wounded.
You closely miss the goblin. The goblin hits you with a +0 dagger.
The hobgoblin hits you but does no damage.
You block the goblin's attack. You block the hobgoblin's attack.
Unknown command.
You hit the hobgoblin.
You kill the hobgoblin!
You barely miss the goblin. You block the goblin's attack.
The orc priest invokes the aid of Beogh against you.
Beogh smites you!
You closely miss the goblin. You hit the goblin.
You kill the goblin!
You block the goblin's attack. The goblin hits you with a +0 dagger.
Unknown command.
You slash the goblin!
You kill the goblin!
You hit Robin.
Robin is moderately wounded.
The hobgoblin no longer looks unusually strong.
You block Robin's attack.
The orc priest mumbles some strange prayers to Beogh against you.
Beogh smites you!
Ouch! That really hurt!
You die...

#.## # #..## ..
.## ##..# ... ..#
##.# #.## #.#
#.## #...##.#
#..# g###....#
##.##
........######..#
.........ggg@)..#
######..ooo######
..###.....#
#....<..).#
######....##
###...### ##....#
######


You could see Robin, an orc priest, 2 orcs, a hobgoblin and a goblin (strong).

Vanquished Creatures
  3 worms
  2 orcs (D:3)
  4 ball pythons (D:1)
  4 bats
  2 endoplasms (D:1)
  2 giant cockroaches (D:1)
  11 goblins
  7 hobgoblins
  A kobold (D:1)
  2 quokkas
  3 frilled lizards
  5 rats
46 creatures vanquished.

Notes
Turn   | Place    | Note
-------+----------+-------------------------------------------
     0 | D:1      | bande the Gargoyle Fighter began the quest for the Orb.
     0 | D:1      | Reached XP level 1. HP: 14/14 MP: 1/1
   147 | D:1      | Reached XP level 2. HP: 11/19 MP: 2/2
   185 | D:1      | You fall into a shaft and drop 1 floor!
   635 | D:1      | Found a faded altar of an unknown god.
   659 | D:1      | Reached XP level 3. HP: 23/23 MP: 3/3
  1193 | D:2      | Reached skill level 4 in Armour
  1760 | D:3      | Noticed Robin
  1775 | D:3      | Reached XP level 4. HP: 28/28 MP: 4/4
  1779 | D:3      | HP: 1/28 [orc priest/divine providence (14)]
  1786 | D:3      | Killed from afar by an orc priest

Illustrated notes

Levels and vault maps discovered:
D:1:      dpeg_arrival_rooms_b, layout_basic,
          shapermc_ecumenical_altar_flowoftime, nicolae_wormholes
D:2:      layout_rooms, eino_curves_04, minmay_stone_trees_small
D:3:      layout_rooms, serial_shops, shop, uniq_robin

Skill      XL: |  1  2  3 |
---------------+----------+-----
Axes           | 2 |  2.8
Armour         | 4 |  4.0
Fighting       | |  3.4
Stealth        | |  0.2
Shields        | |  3.7

Action                   |  1- 3 |  4- 6 || total
-------------------------+-------+-------++-------
Melee: War axe           |   126 |    11 ||   137
  Use: Scroll            |     3 |       ||     3
       Potion            |       |     1 ||     1
Armor: Scale mail        |    76 |     6 ||    82
Dodge: Dodged            |    57 |     3 ||    60
Block: Buckler           |    15 |       ||    15
       Kite shield       |    31 |    14 ||    45

Table legend: (Time is in decaauts)
 A = Elapsed time spent in this place.
 B = Non-inter-level travel time spent in this place.
 C = Inter-level travel time spent in this place.
 D = Time resting spent in this place.
 E = Time spent auto-exploring this place.
 F = Levels seen in this place.
 G = Mean time per level.
                   A        B        C        D        E       F      G
               +--------+--------+--------+--------+--------+-----+--------+
         Total |   1854 |   1824 |     30 |      0 |   1297 |   3 |  618.0 |
       Dungeon |   1854 |   1824 |     30 |      0 |   1297 |   3 |  618.0 |
               +--------+--------+--------+--------+--------+-----+--------+

Top non-repeatable levels by time:
     D:1: 983 daAuts
     D:2: 752 daAuts
     D:3: 118 daAuts
